 Dungeon Crawl Stone Soup version 0.18.1-50-g88ac8fd (webtiles) character file.

69302 magog001 the Spry (level 14, -3/137 HPs)
             Began as a Minotaur Berserker on Dec 28, 2017.
             Was an Elder of Trog.
             Slain by a snapping turtle (19 damage)
             ... on level 3 of the Shoals on Dec 30, 2017.
             The game lasted 02:07:32 (17559 turns).

magog001 the Spry (Minotaur Berserker)             Turns: 17559, Time: 02:07:33

Health: -3/137     AC: 26    Str: 32    XL:     14   Next: 89%
Magic:  12/14      EV: 11    Int:  4    God:    Trog [****..]
Gold:   1537       SH: 18    Dex: 11    Spells: 0 memorised, 13 levels left

rFire  . . .     SeeInvis .     H - +6 war axe (freeze)
rCold  . . .     Gourm    .     q - +5 ring mail of Patterns {+Fly}
rNeg   . . .     Faith    .     a - +0 large shield
rPois  .         Spirit   .     (helmet restricted)
rElec  .         Dismiss  .     R - +2 cloak
rCorr  .         Reflect  .     C - +2 pair of gloves
SustAt .         Harm     .     b - +2 pair of boots {run}
MR     +++..                    (no amulet)
Stlth  +.........               A - +3 ring of protection
                                v - +4 ring of strength

@: regenerating, quick, extremely resistant to hostile enchantments, very
unstealthy
A: retaliatory headbutt, horns 2, screaming 1, shaggy fur 1, strong 1, subdued
magic 1
a: Berserk, Trog's Hand, Brothers in Arms, Burn Spellbooks, Renounce Religion,
Evoke Flight


You were on level 3 of the Shoals.
You worshipped Trog.
Trog was greatly pleased with you.
You were not hungry.

You visited 3 branches of the dungeon, and saw 20 of its levels.
You also visited: Labyrinth and Ossuary.

You collected 1604 gold pieces.
You spent 67 gold pieces at shops.

Inventory:

Hand Weapons
 s - a +4 blowgun
 H - a +6 war axe of freezing (weapon)
Missiles
 h - 26 tomahawks
 t - 83 poisoned needles
 u - 3 tomahawks of returning
 F - 4 poisoned tomahawks (quivered)
 I - 8 needles of sleeping
 J - 4 curare-tipped needles
 V - 11 poisoned javelins
Armour
 a - a +0 large shield (worn)
 b - a +2 pair of boots of running (worn)
 q - the +5 ring mail of Patterns (worn) {+Fly}
   (You found it on level 4 of the Dungeon)

   It lets you fly.
 C - a +2 pair of gloves (worn)
 R - a +2 cloak (worn)
Jewellery
 v - a +4 ring of strength (left hand)
 A - a +3 ring of protection (right hand)
Wands
 w - a wand of iceblast (7/15)
 B - a wand of iceblast (8/15)
 D - a wand of acid (0/15)
 G - a wand of acid (5/15)
 L - a wand of confusion (25/48)
 M - a wand of paralysis (15/24)
 N - a wand of flame (31/48)
 O - a wand of flame (35/48)
 P - a wand of lightning (8/15)
 Q - a wand of flame (36/48)
 S - a wand of polymorph (0/24)
 T - a wand of flame (22/48)
 U - a wand of teleportation (7/9)
 Z - a wand of digging (15/24)
Scrolls
 d - 3 scrolls of identify
 e - 2 scrolls of blinking
 g - 7 scrolls of remove curse
 l - 4 scrolls of teleportation
 y - 3 scrolls of recharging
 K - 2 scrolls of magic mapping
 W - 2 scrolls of fog
Potions
 f - 3 potions of curing
 i - a potion of resistance
 j - 6 potions of agility
 m - a potion of haste
 r - a potion of heal wounds
 x - 3 potions of lignification
 z - a potion of invisibility
Miscellaneous
 n - a disc of storms
 o - a phantom mirror
 E - a plain deck of defence {drawn: 2}
Comestibles
 c - 9 bread rations
 k - 6 meat rations
 p - 13 fruits


   Skills:
 * Level 16.1 Fighting
 * Level 9.4(10.9) Axes
   Level 9.0(10.7) Maces & Flails
 - Level 3.7 Throwing
 + Level 10.1 Armour
 * Level 17.3 Dodging
 - Level 1.2 Stealth
 + Level 8.6 Shields
 + Level 2.1 Evocations


You had 13 spell levels left.
You didn't know any spells.

Dungeon Overview and Level Annotations

Branches:
Dungeon (9/15)             Temple (0/1) D:6            Lair (8/8) D:9
 Shoals (3/4) Lair:5       Spider (0/4) Lair:6        Slime (0/6) Lair:8
    Orc: D:9-12

Altars:
Ashenzari
Elyvilon
Makhleb
Okawaru
Ru
Sif Muna
Yredelemnul
Zin
Jiyva

Shops:
D:9 (   Shoals:1 :

Annotations:
Shoals:3 Nikola


Innate Abilities, Weirdness & Mutations

You reflexively headbutt those who attack you in melee.
You have a pair of horns on your head.
You occasionally shout uncontrollably at your foes.
You are covered in fur (AC +1).
Your muscles are strong. (Str +2)
Your spells are a little easier to cast, but a little less powerful.


Message History

The lightning arc hits Nikola.
The merfolk impaler hits you from afar with an antimagic trident.
* * * LOW HITPOINT WARNING * * *
You feel your power leaking away.
You hear a shout! x3; You hear a screech!
You hear a shout!
A merfolk comes into view. It is wielding a spear.
The merfolk impaler hits you but does no damage.
You block the merfolk impaler's attack.
A snapping turtle comes into view.
The snapping turtle hisses angrily.
The snapping turtle bites you from afar!
* * * LOW HITPOINT WARNING * * *
The snapping turtle bites you but does no damage.
A snapping turtle comes into view.
Drink which item? (? for menu, Esc to quit)
You feel better. You block the snapping turtle's attack.
You block the snapping turtle's attack.
There is a stone staircase leading up here.
The snapping turtle bites you!!
You die...

≈≈≈≈≈≈≈≈≈≈≈≈≈≈≈≈≈≈≈
≈≈≈≈≈≈≈≈≈≈≈≈≈≈≈≈≈≈≈
≈≈≈≈≈≈≈≈≈≈≈≈≈≈≈≈≈≈≈
≈≈≈≈≈≈≈≈≈≈≈≈≈≈≈≈≈≈≈
≈≈≈≈≈≈≈≈≈≈≈≈≈≈≈≈≈≈≈
≈≈≈≈≈t≈≈≈.≈≈≈≈≈≈≈≈≈
≈≈≈≈≈........≈≈≈≈≈≈
≈≈≈≈≈..@......≈≈≈≈≈
≈≈≈≈..t...##..≈≈≈≈≈
≈≈≈≈≈..m.## ...≈≈≈≈≈≈≈≈≈
≈≈≈≈≈≈...## ....≈≈≈≈≈≈≈≈
≈≈≈≈≈.....#####..≈≈≈≈≈≈≈
≈≈≈≈≈.≈.≈@m#.# ...≈≈≈≈≈≈
≈≈≈≈..≈≈≈...# ...≈≈≈≈≈
≈≈≈≈≈.≈≈≈≈≈.## ..≈≈≈≈≈
≈≈≈≈≈≈≈≈≈≈≈..####.≈≈≈≈≈≈


You could see Nikola, a merfolk impaler, 2 snapping turtles and a merfolk.

Vanquished Creatures
  Jorgrun (Shoals:2)
  A minotaur (Lab)
  2 merfolk javelineers (Shoals:1)
  The ghost of p0werm0de the Martial Artist, a journeyman DsAs of Ashenzari (Lair:7)
  A merfolk impaler (Shoals:2)
  6 hydras
  A merfolk avatar (Shoals:2)
  2 catoblepae
  A death yak (Shoals:2)
  A satyr (Shoals:2)
  4 sea snakes (Shoals:2)
  Pikel (D:4)
  3 harpies (Shoals:2)
  2 wolf spiders (Lair:8)
  2 griffons
  2 cyclopes
  8 fauns (Shoals:2)
  4 manticores
  2 elephants (Lair:2)
  3 water nymphs
  14 spiny frogs
  13 black mambas
  3 sirens
  A guardian serpent (Lair:8)
  A rime drake (Lair:8)
  8 komodo dragons
  5 merfolk
  A troll (D:6)
  A jumping spider (Lair:6)
  A wind drake (Shoals:1)
  16 blink frogs
  A boulder beetle (Lair:7)
  A two-headed ogre (D:9)
  2 snapping turtles
  A redback (Lair:6)
  9 wyverns
  24 yaks
  3 water elementals
  8 hippogriffs
  A steam dragon (Lair:8)
  2 mottled dragons (Lair:8)
  A basilisk (Lair:8)
  Duvessa (D:4)
  21 water moccasins
  8 porcupines
  An orc warrior (D:8)
  A slave (D:4)
  2 sky beasts
  2 ice beasts
  3 wasps (Lair:8)
  A black bear (D:7)
  5 ogres
  6 centaurs
  20 wolves
  10 crocodiles
  15 giant frogs
  A big kobold (D:8)
  Dowan (D:4)
  A scorpion (D:6)
  3 killer bees (D:8)
  3 wights (D:6)
  5 electric eels
  4 crimson imps
  A giant frog zombie (D:9)
  A centaur zombie (Ossuary)
  2 hounds (D:8)
  A human zombie (Ossuary)
  3 orc priests
  8 iguanas
  4 orc wizards
  7 worker ants
  A sheep (Shoals:1)
  A big kobold zombie (Ossuary)
  A hound zombie (D:8)
  2 mummies (Ossuary)
  17 adders
  20 river rats
  5 oozes
  3 adder skeletons
  3 adder zombies (Ossuary)
  2 worms
  2 dart slugs (D:1)
  4 giant geckos
  21 orcs
  8 giant cockroaches
  6 hobgoblins
  3 jackals (D:2)
  4 quokkas
  11 bats
  A giant gecko zombie (D:7)
  2 giant newts (D:2)
  4 goblins
  10 hobgoblin zombies (Ossuary)
  2 jackal zombies
  11 kobolds
  9 kobold zombies (Ossuary)
  9 orc zombies (Ossuary)
  8 rats
  2 rat zombies (Ossuary)
  A bush (D:3)
  7 fungi
  10 plants
  2 toadstools (Lair:7)
498 creatures vanquished.

Vanquished Creatures (collateral kills)
  Polyphemus (Shoals:2)
  Maud (Lair:3)
  A dire elephant (Lair:7)
  The ghost of magog001 the Blocker, a journeyman MiFi of Nemelex Xobeh (Lair:3)
  A fire dragon (Lair:8)
  A merfolk impaler (Shoals:1)
  2 hydras (Lair:7)
  A catoblepas (Lair:5)
  A death yak (Shoals:2)
  2 satyrs (Shoals:2)
  A griffon (Shoals:3)
  3 fauns (Shoals:2)
  3 elephants
  A black mamba (Lair:3)
  A spiny frog (Lair:7)
  A komodo dragon (Lair:8)
  A rime drake (Lair:8)
  A merfolk (Shoals:1)
  5 blink frogs (Lair:5)
  Grum (D:9)
  A basilisk (Lair:8)
  A steam dragon (Lair:8)
  A mottled dragon (Lair:8)
  A water moccasin (Lair:8)
  A black bear (D:9)
  A wolf (D:9)
  A centaur (D:9)
  A crocodile (Lair:8)
  2 giant frogs
  An iguana (Lair:8)
  2 sheep (Shoals:1)
  A river rat (Lair:7)
44 creatures vanquished.

Vanquished Creatures (others)
  A worker ant (D:4)
  6 fungi
  19 plants
  11 toadstools (Lair:7)
37 creatures vanquished.

Grand Total: 579 creatures vanquished

Notes
Turn   | Place    | Note
--------------------------------------------------------------
     0 | D:1      | magog001 the Minotaur Berserker began the quest for the Orb.
     0 | D:1      | Reached XP level 1. HP: 19/19 MP: 0/0
   118 | D:1      | Reached XP level 2. HP: 24/27 MP: 1/1
   707 | D:2      | Reached XP level 3. HP: 34/34 MP: 2/2
   839 | D:2      | Reached ** piety under Trog
  1138 | D:2      | Found a faded altar to an unknown god.
  1300 | D:3      | Reached XP level 4. HP: 41/41 MP: 3/3
  1650 | D:3      | Reached skill level 3 in Dodging
  1694 | D:3      | Reached skill level 5 in Fighting
  1929 | D:3      | Reached *** piety under Trog
  2251 | D:4      | Got a ruby-encrusted ring mail
  2266 | D:4      | Reached XP level 5. HP: 43/48 MP: 4/4
  2298 | D:4      | Identified the +5 ring mail of Patterns {+Fly} (You found it on level 4 of the Dungeon)
  2457 | D:4      | Noticed a slave
  2458 | D:4      | Noticed a slave
  2458 | D:4      | Noticed Duvessa
  2458 | D:4      | Noticed Pikel
  2458 | D:4      | Noticed Dowan
  2459 | D:4      | Noticed a slave
  2460 | D:4      | Noticed a slave
  2476 | D:4      | Killed Duvessa
  2476 | D:4      | Reached skill level 5 in Axes
  2476 | D:4      | Reached skill level 4 in Dodging
  2476 | D:4      | Reached XP level 6. HP: 57/57 MP: 5/5
  2481 | D:4      | Killed a slave
  2570 | D:4      | Killed Pikel
  2570 | D:4      | Reached skill level 5 in Dodging
  2570 | D:4      | Reached skill level 1 in Stealth
  2570 | D:4      | Reached XP level 7. HP: 50/64 MP: 6/6
  2599 | D:4      | Killed Dowan
  2638 | D:4      | Found a glowing silver altar of Zin.
  2715 | D:4      | Found a white marble altar of Elyvilon.
  2910 | D:5      | Entered Level 5 of the Dungeon
  2916 | D:5      | Reached skill level 6 in Dodging
  3034 | D:5      | Found a basalt altar of Yredelemnul.
  3067 | D:5      | Received a gift from Trog
  3068 | D:5      | Reached XP level 8. HP: 66/71 MP: 7/7
  3158 | D:5      | Found a burning altar of Makhleb.
  3478 | D:6      | Found a sacrificial altar of Ru.
  3511 | D:6      | Reached skill level 1 in Throwing
  3538 | D:6      | Noticed a troll
  3543 | D:6      | Killed a troll
  3543 | D:6      | Reached skill level 5 in Armour
  3546 | D:6      | Reached skill level 7 in Dodging
  3556 | D:6      | Gained mutation: Your mind is acute. (Int +2) [mutagenic meat]
  3557 | D:6      | Gained mutation: You are covered in fur (AC +1). [mutagenic meat]
  3558 | D:6      | Gained mutation: You occasionally shout uncontrollably at your foes. [mutagenic meat]
  3559 | D:6      | Lost mutation: Your mind is acute. (Int +2) [mutagenic meat]
  3627 | D:6      | Reached skill level 5 in Maces & Flails
  3729 | D:6      | Reached XP level 9. HP: 81/81 MP: 8/8
  3821 | D:6      | Found a staircase to the Ecumenical Temple.
  3973 | D:6      | Found a deep blue altar of Sif Muna.
  4083 | D:6      | Reached **** piety under Trog
  4403 | D:7      | Found a shattered altar of Ashenzari.
  4508 | D:7      | Found an iron altar of Okawaru.
  4916 | D:8      | Found a sand-covered staircase.
  4932 | Ossuary  | Entered an ossuary
  5199 | D:8      | Reached skill level 8 in Dodging
  5378 | D:8      | Got a flickering golden ring
  5629 | D:9      | Noticed Grum
  5641 | D:9      | Killed Grum
  5641 | D:9      | Reached XP level 10. HP: 50/91 MP: 9/9
  5824 | D:9      | Identified the ring of the Princeling {-Tele rC+ rN+ MP+9 Dex+4} (You found it on level 8 of the Dungeon)
  5960 | D:9      | Reached skill level 9 in Dodging
  6031 | D:9      | Reached skill level 10 in Fighting
  6061 | D:9      | Found Agiziqog's Antique Weapon Boutique.
  6077 | D:9      | Bought a glowing blowgun for 67 gold pieces
  6083 | D:9      | Got a shimmering rapier
  6084 | D:9      | Identified the +4 rapier "Xeizeit" {flame, rElec rC+ MR- MP+9} (You found it on level 9 of the Dungeon)
  6246 | D:9      | Found a staircase to the Lair.
  6405 | Lair:1   | Entered Level 1 of the Lair of Beasts
  6491 | Lair:1   | Noticed a six-headed hydra
  6503 | Lair:1   | Killed a nine-headed hydra
  6601 | Lair:1   | Noticed a black mamba
  6606 | Lair:1   | Killed a black mamba
  6606 | Lair:1   | Reached skill level 10 in Dodging
  6798 | Lair:1   | Noticed a spiny frog
  6804 | Lair:1   | Killed a spiny frog
  6857 | Lair:1   | Reached ***** piety under Trog
  6859 | Lair:1   | Noticed a black mamba
  6863 | Lair:1   | Killed a black mamba
  7076 | Lair:1   | Gained mutation: Your spells are a little easier to cast, but a little less powerful. [potion of mutation]
  7076 | Lair:1   | Gained mutation: You evolve. [potion of mutation]
  7166 | Lair:1   | Reached XP level 11. HP: 102/102 MP: 10/10
  7168 | Lair:1   | Reached skill level 11 in Dodging
  7598 | Lair:2   | Gained mutation: Your muscles are strong. (Str +2) [evolution]
  7598 | Lair:2   | Lost mutation: You evolve. [end of evolution]
  7936 | Lair:2   | Reached skill level 12 in Dodging
  8348 | Lair:3   | Noticed Maud
  8357 | Lair:3   | Killed Maud
  8361 | Lair:3   | Noticed magog001's ghost (journeyman MiFi)
  8368 | Lair:3   | Killed magog001's ghost
  8376 | Lair:3   | Received a gift from Trog
  8407 | Lair:3   | Reached XP level 12. HP: 72/113 MP: 11/11
  9030 | Lair:4   | Reached skill level 13 in Dodging
  9190 | Lair:4   | Identified a +0 pair of boots of running (You found it on level 4 of the Lair of Beasts)
  9271 | Lair:4   | Noticed a four-headed hydra
  9280 | Lair:4   | Killed a seven-headed hydra
  9625 | Lair:5   | Noticed a catoblepas
  9631 | Lair:5   | Reached skill level 14 in Dodging
  9637 | Lair:5   | Killed a catoblepas
  9824 | Lair:5   | Found a staircase to the Shoals.
  9855 | Lair:5   | You fall through a shaft!
  9896 | Lair:6   | Found a labyrinth entrance.
  9923 | Lab      | Entered a labyrinth
 10058 | Lab      | Noticed a minotaur
 10069 | Lab      | Killed a minotaur
 10557 | Lair:6   | Received a gift from Trog
 10802 | Lair:6   | Found a hole to the Spider Nest.
 10865 | Lair:6   | Noticed a six-headed hydra
 10872 | Lair:6   | Killed a nine-headed hydra
 10872 | Lair:6   | Reached skill level 1 in Evocations
 10992 | Lair:6   | Received a gift from Trog
 11396 | Lair:5   | Reached skill level 1 in Shields
 11403 | Lair:5   | Reached XP level 13. HP: 105/124 MP: 12/12
 11659 | Lair:7   | Reached skill level 15 in Dodging
 11921 | Lair:7   | Noticed a dire elephant
 11936 | Lair:7   | Killed a dire elephant
 12871 | Lair:7   | Noticed p0werm0de's ghost (journeyman DsAs)
 12880 | Lair:7   | Killed p0werm0de's ghost
 13035 | Lair:8   | Entered Level 8 of the Lair of Beasts
 13281 | Lair:8   | Found a staircase to the Slime Pits.
 13281 | Lair:8   | Found a viscous altar of Jiyva.
 13954 | Lair:8   | Reached skill level 15 in Fighting
 13997 | Lair:8   | Reached skill level 5 in Shields
 14042 | Lair:8   | Noticed a fire dragon
 14052 | Lair:8   | Killed a fire dragon
 14052 | Lair:8   | Reached skill level 16 in Dodging
 14074 | Lair:8   | Got a steaming great mace
 14081 | Lair:8   | Identified the +6 great mace "Toyd" {drain, Str+2} (You found it on level 8 of the Lair of Beasts)
 14605 | Lair:8   | Reached XP level 14. HP: 134/135 MP: 14/14
 14842 | Shoals:1 | Entered Level 1 of the Shoals
 15086 | Shoals:1 | Found Ratogoof's Book Shoppe.
 15479 | Shoals:2 | Noticed Jorgrun
 15502 | Shoals:2 | Killed Jorgrun
 16175 | Shoals:2 | Reached skill level 10 in Armour
 16180 | Shoals:2 | Reached skill level 17 in Dodging
 16968 | Shoals:2 | Noticed Polyphemus
 16974 | Shoals:2 | Killed Polyphemus
 17538 | Shoals:3 | Noticed Nikola
 17545 | Shoals:3 | HP: 6/137 [merfolk impaler/antimagic trident (5)]
 17555 | Shoals:3 | HP: 1/137 [snapping turtle (16)]
 17559 | Shoals:3 | Slain by a snapping turtle

Skill      XL: |  1  2  3  4  5  6  7  8  9 10 11 12 13 14 |
---------------+-------------------------------------------+-----
Axes           | 4 5 6 9 |  9.4
Fighting       | 4 5 6 7 9 11 12 14 15 16 | 16.1
Armour         | 3 4 5 6 7 8 9 10 | 10.1
Dodging        | 3 4 5 6 7 8 10 12 14 16 17 | 17.3
Maces & Flails | 2 5 7 8 9 |  9.0
Stealth        | 1 |  1.2
Throwing       | 2 3 |  3.7
Evocations     | 1 2 |  2.1
Shields        | 1 6 8 |  8.6

Action                   |  1- 3 |  4- 6 |  7- 9 | 10-12 | 13-15 || total
-------------------------+-------+-------+-------+-------+-------++-------
Melee: Hand axe          |    62 |    64 |       |       |       ||   126
       Headbutt          |     3 |    33 |    40 |    81 |   113 ||   270
       Morningstar       |       |    66 |    82 |       |       ||   148
       Unarmed           |       |     2 |       |       |       ||     2
       War axe           |       |       |   121 |   340 |   480 ||   941
 Fire: Blowgun           |       |       |       |     5 |       ||     5
Throw: Tomahawk          |       |       |       |       |    47 ||    47
       Javelin           |       |       |       |       |    15 ||    15
Invok: Berserk           |     4 |     3 |     6 |    12 |    12 ||    37
       Trog's Hand       |     1 |     1 |     2 |       |     2 ||     6
       Brothers in Arms  |       |       |     1 |     3 |    16 ||    20
       Burn Spellbooks   |       |       |     1 |     2 |     3 ||     6
 Abil: Evoke Flight      |       |       |     1 |     1 |     8 ||    10
Evoke: Wand              |       |       |       |     4 |    17 ||    21
       Deck              |       |       |       |       |     2 ||     2
       Disc of storms    |       |       |       |       |     1 ||     1
  Use: Scroll            |     6 |     4 |     9 |    17 |     6 ||    42
       Potion            |     1 |       |       |     6 |    17 ||    24
 Stab: Sleeping          |     1 |     1 |       |       |       ||     2
       Distracted        |       |       |       |     1 |     1 ||     2
  Eat: Chunk             |     4 |     7 |    16 |    19 |    21 ||    67
       Beef jerky        |     1 |       |     1 |     1 |     1 ||     4
       Royal jelly       |       |       |     1 |     1 |       ||     2
       Bread ration      |       |       |       |     2 |       ||     2
       Pizza             |       |       |       |     1 |     1 ||     2
       Meat ration       |       |       |       |       |     2 ||     2
       Fruit             |       |       |       |       |     2 ||     2
Armor: Animal skin       |    21 |       |       |       |       ||    21
       Robe              |       |    16 |       |       |       ||    16
       Ring mail         |       |    20 |   104 |   214 |   186 ||   524
       Skin              |       |       |       |       |    24 ||    24
Dodge: Dodged            |    55 |    63 |   153 |   362 |   226 ||   859
Block: Large shield      |       |       |       |    42 |   467 ||   509
